AoeStats
← [Tunjos]Lord_Antic

Four Lakes

510160783Analyzed
1v1 RM · 2d ago on Sep 29, 2026· 50m 49s· 2 players
Game mode
Random Map
Map size
Tiny (2 player)
Population
200
Speed
Normal
Resources
Standard
Victory
Conquest
Starting age
Dark Age
Ending age
Imperial Age
RankedLock teamsTeams togetherTeam positionsShared explorationLock speedFull tech treeHidden civsTurbo modeCheats
Victory
Defeat
🇹🇼 Varangians · Taiwan
1279
+16
🇨🇴 Spanish · Colombia
1283
-16
Feather
7:02 Loom
9:46 Feudal Age
10:18 Double-Bit Axe
13:17 Fishing Lines
16:51 Castle Age
16:02 Forging
17:27 Bloodlines
17:53 Gillnets
18:04 Gold Mining
18:58 Bow Saw
19:40 Fletching
20:57 Husbandry
20:33 Elite Skirmisher
21:40 Bodkin Arrow
21:59 Padded Archer Armor
24:52 Wheelbarrow
26:47 Stone Mining
31:05 Imperial Age
28:21 Town Watch
32:56 Chemistry
32:35 Bracer
32:55 Horse Collar
34:48 Conscription
35:29 Ballistics
35:29 Devotion
36:43 Scale Barding Armor
37:46 Chain Barding Armor
38:35 Leather Archer Armor
39:59 Plate Barding Armor
42:11 Iron Casting
43:00 Hand Cart
42:34 Elite Jarl
47:39 Murder Holes
50:36 Blast Furnace
[Tunjos]Lord_Antic
9:09 Loom
10:56 Feudal Age
14:37 Double-Bit Axe
16:56 Castle Age
14:54 Fishing Lines
18:01 Gillnets
19:06 Bow Saw
20:55 Padded Archer Armor
23:05 Leather Archer Armor
24:20 Fletching
25:18 Husbandry
26:00 Wheelbarrow
25:49 Bloodlines
30:41 Hand Cart
30:49 Scale Barding Armor
31:09 Light Cavalry
35:15 Imperial Age
33:09 Horse Collar
34:01 Chain Barding Armor
35:34 Forging
35:48 Bodkin Arrow
36:24 Conscription
35:26 Cavalier
36:43 Plate Barding Armor
36:09 Town Watch
38:17 Iron Casting
40:21 Blast Furnace
42:50 Blast Furnace
Connection lost

Rejoining the realm…

Still unreachable

The connection could not be restored.

Session expired

The server has moved on; the page needs a fresh start.